NCAA
ARIZONA STATE SUN DEVILS @ CONNECTICUT HUSKIES
05/15/2029
 
TOP OF THE 1ST
Arizona State Sun Devils batting - Pitching for Connecticut Huskies : LHP Ryan Vachon
Pitching: LHP Ryan Vachon
Batting: RHB Arturo Ruíz 0-0: Ball
1-0: Foul Ball, location: 2F
1-1: Ball
2-1: Swinging Strike
2-2: SOLO HOME RUN (Flyball, 9D), Distance : 348 ft
Batting: RHB Gil Gardner 0-0: Ball
1-0: Swinging Strike
1-1: Called Strike
1-2: Strikes out swinging
Batting: SHB Leonardo González 0-0: Ball
1-0: Ball
2-0: Ball
3-0: Base on Balls
Batting: RHB Tim Oliver 0-0: Ball
1-0: Fielders Choice at 2nd, 4-6 (Groundball, 4)
Batting: LHB Juan Guzmán 0-0: Called Strike
0-1: Swinging Strike
0-2: Foul Ball, location: 2F
0-2: Foul Ball, location: 2F
0-2: Ball
1-2: Ball
Pickoff Throw to First - Error! E1
Tim Oliver to second
2-2: Foul Ball, location: 2F
2-2: Ball
3-2: Strikes out swinging
Top of the 1st over - 1 run, 1 hit, 1 error, 1 left on base; Arizona State 1 - Connecticut 0
BOTTOM OF THE 1ST
Connecticut Huskies batting - Pitching for Arizona State Sun Devils : LHP Mike Drake
Pitching: LHP Mike Drake
Batting: RHB Anthony Payton 0-0: Ball
1-0: Ball
2-0: Called Strike
2-1: Foul Ball, location: 2F
2-2: Foul Ball, location: 2F
2-2: Strikes out looking
Batting: LHB Roberto Martínez 0-0: Ball
1-0: Called Strike
1-1: Ball
2-1: Called Strike
2-2: Ball
3-2: Fly out, F9 (Flyball, 9LS)
Batting: RHB Bill Starr 0-0: DOUBLE (Flyball, 78D)
Batting: LHB Al Dooley 0-0: Ball
1-0: Fly out, F3 (Popup, 3SF)
Bottom of the 1st over - 0 runs, 1 hit, 0 errors, 1 left on base; Arizona State 1 - Connecticut 0
TOP OF THE 2ND
Arizona State Sun Devils batting - Pitching for Connecticut Huskies : LHP Ryan Vachon
Batting: SHB Doyle Goodwin 0-0: Ball
1-0: Fly out, F8 (Flyball, 8LXD)
Batting: LHB José Serrano 0-0: Ball
1-0: Ground out U3 (Groundball, 34)
Batting: LHB Werner Fisher 0-0: Ball
1-0: Called Strike
1-1: DOUBLE (Line Drive, 7)
Batting: LHB Christian Lindsey 0-0: Fly out, F5 (Popup, 5SF)
Top of the 2nd over - 0 runs, 1 hit, 0 errors, 1 left on base; Arizona State 1 - Connecticut 0
BOTTOM OF THE 2ND
Connecticut Huskies batting - Pitching for Arizona State Sun Devils : LHP Mike Drake
Batting: RHB Phil Gabriel 0-0: Foul Ball, location: 2F
0-1: Foul Ball, location: 2F
0-2: DOUBLE (Line Drive, 89D)
Batting: RHB Eric Vaughn 0-0: Called Strike
0-1: Ball
1-1: DOUBLE (Line Drive, 89D)
Phil Gabriel scores
Batting: LHB Alejandro Piña 0-0: Ball
1-0: Called Strike
1-1: Ball
2-1: Swinging Strike
2-2: Fly out, F8 (Flyball, 8RM)
Batting: RHB Martin Caldwell 0-0: Ball
1-0: Ball
2-0: Called Strike
2-1: Called Strike
2-2: Foul Ball, location: 2F
2-2: Strikes out swinging
Batting: SHB José Ramírez 0-0: Ball
1-0: Called Strike
1-1: Ball
2-1: Fly out, F9 (Flyball, 9D)
Bottom of the 2nd over - 1 run, 2 hits, 0 errors, 1 left on base; Arizona State 1 - Connecticut 1
TOP OF THE 3RD
Arizona State Sun Devils batting - Pitching for Connecticut Huskies : LHP Ryan Vachon
Batting: RHB Arturo Ruíz 0-0: Called Strike
0-1: SINGLE (Flyball, 9LS)
Batting: RHB Gil Gardner 0-0: Ball
1-0: Called Strike
1-1: Foul Ball, location: 2F
1-2: Foul Ball, location: 2F
1-2: Strikes out swinging
Batting: SHB Leonardo González 0-0: Grounds into double play, 5-4-3 (Groundball, 56)
Top of the 3rd over - 0 runs, 1 hit, 0 errors, 0 left on base; Arizona State 1 - Connecticut 1
BOTTOM OF THE 3RD
Connecticut Huskies batting - Pitching for Arizona State Sun Devils : LHP Mike Drake
Batting: RHB Anthony Payton 0-0: Ball
1-0: Ground out 1-3 (Groundball, 15S)
Batting: LHB Roberto Martínez 0-0: Foul Ball, location: 2F
0-1: Called Strike
0-2: Ground out 4-3 (Groundball, 34D)
Batting: RHB Bill Starr 0-0: Foul Ball, location: 2F
0-1: SINGLE (Groundball, 4MD)
Batting: LHB Al Dooley 0-0: Ball
1-0: Ball
2-0: Called Strike
2-1: Fly out, F8 (Flyball, 89M)
Bottom of the 3rd over - 0 runs, 1 hit, 0 errors, 1 left on base; Arizona State 1 - Connecticut 1
TOP OF THE 4TH
Arizona State Sun Devils batting - Pitching for Connecticut Huskies : LHP Ryan Vachon
Batting: RHB Tim Oliver 0-0: Ground out 4-3 (Groundball, 4M)
Batting: LHB Juan Guzmán 0-0: Ball
1-0: Ball
2-0: SINGLE (Flyball, 7S)
Batting: SHB Doyle Goodwin 0-0: Swinging Strike
0-1: Ball
Wild Pitch!
Juan Guzmán to second
1-1: Called Strike
1-2: Ball
2-2: Strikes out swinging
Batting: LHB José Serrano 0-0: Called Strike
0-1: Swinging Strike
0-2: Ball
1-2: Foul Ball, location: 2F
1-2: Strikes out looking
Top of the 4th over - 0 runs, 1 hit, 0 errors, 1 left on base; Arizona State 1 - Connecticut 1
BOTTOM OF THE 4TH
Connecticut Huskies batting - Pitching for Arizona State Sun Devils : LHP Mike Drake
Batting: RHB Phil Gabriel 0-0: Foul Ball, location: 2F
0-1: Ball
1-1: Called Strike
1-2: Foul Ball, location: 2F
1-2: Ball
2-2: Foul Ball, location: 2F
2-2: Ball
3-2: Base on Balls
Batting: RHB Eric Vaughn 0-0: Ball
1-0: Ball
2-0: Fielders Choice at 2nd, 6-4 (Groundball, 6)
Batting: LHB Alejandro Piña 0-0: Ball
1-0: Ball
2-0: Called Strike
2-1: Ball
3-1: Fly out, F8 (Flyball, 8RD)
Batting: RHB Martin Caldwell 0-0: Called Strike
0-1: Swinging Strike
0-2: Ball
1-2: Ball
2-2: Foul Ball, location: 2F
2-2: Ball
3-2: Ground out 4-3 (Groundball, 4)
Bottom of the 4th over - 0 runs, 0 hits, 0 errors, 1 left on base; Arizona State 1 - Connecticut 1
TOP OF THE 5TH
Arizona State Sun Devils batting - Pitching for Connecticut Huskies : LHP Ryan Vachon
Batting: LHB Werner Fisher 0-0: Fly out, F6 (Popup, 6MS)
Batting: LHB Christian Lindsey 0-0: Ball
1-0: Called Strike
1-1: Ball
2-1: Swinging Strike
2-2: Foul Ball, location: 2F
2-2: Strikes out swinging
Batting: RHB Arturo Ruíz 0-0: Called Strike
0-1: Fly out, F6 (Flyball, 56D)
Top of the 5th over - 0 runs, 0 hits, 0 errors, 0 left on base; Arizona State 1 - Connecticut 1
BOTTOM OF THE 5TH
Connecticut Huskies batting - Pitching for Arizona State Sun Devils : LHP Mike Drake
Batting: SHB José Ramírez 0-0: SINGLE (Groundball, 56D)
Batting: RHB Anthony Payton 0-0: Ball
1-0: Called Strike
José Ramírez steals 2nd base
1-1: Intentional Walk
Batting: LHB Roberto Martínez 0-0: Ball
1-0: Ball
2-0: Ball
3-0: Called Strike
3-1: Foul Ball, location: 2F
3-2: Foul Ball, location: 2F
3-2: Base on Balls
José Ramírez to third
Anthony Payton to second
Pitching: RHP Erik Stone
Batting: RHB Bill Starr 0-0: SINGLE (Line Drive, 6MD)
José Ramírez scores
Anthony Payton to third
Roberto Martínez to second
Batting: LHB Al Dooley 0-0: Called Strike
0-1: Called Strike
0-2: Strikes out swinging
Batting: RHB Phil Gabriel 0-0: Ball
1-0: GRAND SLAM HOME RUN (Flyball, 7LD), Distance : 316 ft
Batting: RHB Eric Vaughn 0-0: Ball
1-0: Ball
2-0: Ball
3-0: Base on Balls
Batting: LHB Alejandro Piña 0-0: Ball
1-0: Foul Ball, location: 2F
1-1: Foul Ball, location: 2F
1-2: Foul Ball, location: 2F
1-2: Foul Ball, location: 2F
1-2: Ball
2-2: Strikes out swinging
Batting: RHB Martin Caldwell 0-0: Ball
Wild Pitch!
Eric Vaughn to second
1-0: Ball
2-0: Ball
3-0: Foul Ball, location: 2F
3-1: Base on Balls
Batting: SHB José Ramírez 0-0: Called Strike
0-1: Ball
1-1: Ball
2-1: Ball
3-1: Base on Balls
Eric Vaughn to third
Martin Caldwell to second
Batting: RHB Anthony Payton 0-0: Foul Ball, location: 2F
0-1: Ball
1-1: Foul Ball, location: 2F
1-2: Ball
2-2: Foul Ball, location: 2F
2-2: Foul Ball, location: 2F
2-2: Fly out, F8 (Flyball, 8RS)
Bottom of the 5th over - 5 runs, 3 hits, 0 errors, 3 left on base; Arizona State 1 - Connecticut 6
TOP OF THE 6TH
Arizona State Sun Devils batting - Pitching for Connecticut Huskies : LHP Ryan Vachon
Batting: RHB Gil Gardner 0-0: Ball
1-0: Swinging Strike
1-1: Ball
2-1: Ball
3-1: Fly out, F7 (Flyball, 7D)
Batting: SHB Leonardo González 0-0: Called Strike
0-1: Foul Ball, location: 2F
0-2: Ball
1-2: Strikes out looking
Batting: RHB Tim Oliver 0-0: Fly out, F9 (Flyball, 89M)
Top of the 6th over - 0 runs, 0 hits, 0 errors, 0 left on base; Arizona State 1 - Connecticut 6
BOTTOM OF THE 6TH
Connecticut Huskies batting - Pitching for Arizona State Sun Devils : RHP Erik Stone
Batting: LHB Roberto Martínez 0-0: Ball
1-0: Ball
2-0: SOLO HOME RUN (Flyball, 9D), Distance : 366 ft
Batting: RHB Bill Starr 0-0: Called Strike
0-1: Ball
1-1: Ball
2-1: Fly out, F7 (Line Drive, 7S)
Batting: LHB Al Dooley 0-0: Called Strike
0-1: Ball
1-1: Ball
2-1: Ball
3-1: Called Strike
3-2: Base on Balls
Batting: RHB Phil Gabriel 0-0: Ball
1-0: Swinging Strike
1-1: Fly out, F7 (Flyball, 7LM)
Batting: RHB Eric Vaughn 0-0: Ball
1-0: Called Strike
1-1: Ball
2-1: Ball
3-1: Base on Balls
Al Dooley to second
Batting: LHB Alejandro Piña 0-0: Ball
1-0: Called Strike
1-1: Ball
2-1: Called Strike
2-2: Strikes out looking
Bottom of the 6th over - 1 run, 1 hit, 0 errors, 2 left on base; Arizona State 1 - Connecticut 7
TOP OF THE 7TH
Arizona State Sun Devils batting - Pitching for Connecticut Huskies : LHP Ryan Vachon
Batting: LHB Juan Guzmán 0-0: Called Strike
0-1: Ball
1-1: Foul Ball, location: 2F
1-2: Fly out, F7 (Flyball, 7D)
Batting: SHB Doyle Goodwin 0-0: Ball
1-0: Called Strike
1-1: Foul Ball, location: 2F
1-2: Strikes out swinging
Batting: LHB José Serrano 0-0: Ball
1-0: Ball
2-0: Called Strike
2-1: Foul Ball, location: 2F
2-2: Strikes out swinging
Top of the 7th over - 0 runs, 0 hits, 0 errors, 0 left on base; Arizona State 1 - Connecticut 7
BOTTOM OF THE 7TH
Connecticut Huskies batting - Pitching for Arizona State Sun Devils : RHP Erik Stone
Batting: RHB Martin Caldwell 0-0: Called Strike
0-1: Called Strike
0-2: Ball
1-2: Foul Ball, location: 2F
1-2: Strikes out swinging
Batting: SHB José Ramírez 0-0: Foul Ball, location: 2F
0-1: Ground out 5-3 (Groundball, 56)
Batting: RHB Anthony Payton 0-0: Called Strike
0-1: SINGLE (Groundball, 6MD)
Batting: LHB Roberto Martínez 0-0: Ball
1-0: Foul Ball, location: 2F
1-1: Swinging Strike
1-2: Ground out 4-3 (Groundball, 4)
Bottom of the 7th over - 0 runs, 1 hit, 0 errors, 1 left on base; Arizona State 1 - Connecticut 7
TOP OF THE 8TH
Arizona State Sun Devils batting - Pitching for Connecticut Huskies : LHP Ryan Vachon
Pitching: LHP Marc Vallières
Batting: LHB Werner Fisher 0-0: Ball
1-0: Fly out, F9 (Flyball, 9)
Batting: LHB Christian Lindsey 0-0: Called Strike
0-1: Swinging Strike
0-2: Strikes out swinging
Batting: RHB Arturo Ruíz 0-0: Ball
1-0: Fly out, F9 (Flyball, 89D)
Top of the 8th over - 0 runs, 0 hits, 0 errors, 0 left on base; Arizona State 1 - Connecticut 7
BOTTOM OF THE 8TH
Connecticut Huskies batting - Pitching for Arizona State Sun Devils : RHP Erik Stone
Pitching: RHP Steve Lewis
Batting: RHB Bill Starr 0-0: Foul Ball, location: 2F
0-1: Ball
1-1: Swinging Strike
1-2: Strikes out swinging
Batting: LHB Al Dooley 0-0: Swinging Strike
0-1: Ball
1-1: Fly out, F7 (Flyball, 78D)
Batting: RHB Phil Gabriel 0-0: Ball
1-0: Ball
2-0: Ball
3-0: Called Strike
3-1: Foul Ball, location: 2F
3-2: Base on Balls
Batting: RHB Eric Vaughn 0-0: Ball
1-0: Ball
2-0: Called Strike
2-1: DOUBLE (Line Drive, 78M)
Phil Gabriel to third
Batting: LHB Alejandro Piña 0-0: 3-RUN HOME RUN (Flyball, 9D), Distance : 364 ft
Batting: RHB Martin Caldwell 0-0: Ground out 1-3 (Groundball, P)
Bottom of the 8th over - 3 runs, 2 hits, 0 errors, 0 left on base; Arizona State 1 - Connecticut 10
TOP OF THE 9TH
Arizona State Sun Devils batting - Pitching for Connecticut Huskies : LHP Marc Vallières
Now at 2B: Ron Frost
Batting: RHB Gil Gardner 0-0: Called Strike
0-1: Swinging Strike
0-2: Strikes out swinging
Batting: SHB Leonardo González 0-0: Called Strike
0-1: SINGLE (Line Drive, 6M)
Batting: RHB Tim Oliver 0-0: Ball
1-0: Swinging Strike
1-1: Foul Ball, location: 2F
1-2: Ball
2-2: Strikes out swinging
Batting: LHB Juan Guzmán 0-0: Ball
1-0: Fielders Choice at 2nd, 6-4 (Groundball, 6)
Top of the 9th over - 0 runs, 1 hit, 0 errors, 1 left on base; Arizona State 1 - Connecticut 10
Saturday, December 16th, 2017 - OOTP Baseball 18.8 Build 76